 Dungeon Crawl Stone Soup version 0.30-a0-250-g41c1d76940 (webtiles) character file.

Game seed: 6948303480050443715

1987 chippings the Chiller (level 9, 0/63 HPs)
             Began as a Human Cinder Acolyte on Oct 12, 2022.
             Was a High Priest of Ignis.
             Slain by an orc warrior
             ... wielding a +0 glaive
              (10 damage)
             ... on level 6 of the Dungeon.
             The game lasted 00:16:58 (4701 turns).

chippings the Chiller (Human Cinder Acolyte)        Turns: 4701, Time: 00:16:58

Health: 0/63       AC:  8    Str: 15    XL:     9   Next: 44%
Magic:  15/15      EV: 10    Int: 19    God:    Ignis [*****.]
Gold:   189        SH:  0    Dex:  8    Spells: 7/16 levels left

rFire   + . .      SeeInvis .    g - +2 whip (freeze)
rCold   + . .      Faith    .    (no shield)
rNeg    . . .      Spirit   .    j - +0 ring mail {rF+}
rPois   +          Reflect  .    i - +0 helmet
rElec   .          Harm     .    s - +1 cloak
rCorr   .          Rampage  .    (no gloves)
Will    .....                    (no boots)
Stlth   ..........               (no amulet)
HPRegen 0.30/turn                o - ring of poison resistance
MPRegen 0.14/turn                q - ring of ice

@: confused, ambrosia-drunk, freezing walls
A: no striking features
a: Renounce Religion, Fiery Armour, Foxfire Swarm, Rising Flame


You were on level 6 of the Dungeon.
You worshipped Ignis.
Ignis was extremely pleased with you.
You visited 2 branches of the dungeon, and saw 7 of its levels.
You also visited: Sewer.

You collected 189 gold pieces.

Inventory:

Hand Weapons
 g - a +2 whip of freezing (weapon)
 n - a +0 morningstar
Armour
 i - a +0 helmet (worn)
 j - a +0 ring mail of fire resistance (worn)
 s - a +1 cloak (worn)
Jewellery
 o - a ring of poison resistance (left hand)
 q - a ring of ice (right hand)
 z - a ring of protection from cold
Wands
 v - a wand of polymorph (9)
Scrolls
 a - 2 scrolls of noise
 d - a scroll of blinking
 k - a scroll of teleportation
 l - 4 scrolls of identify
 m - 3 scrolls of enchant armour
 r - a scroll of fear
 w - a scroll of magic mapping
Potions
 c - 4 potions of curing {unknown}
 e - 4 potions of magic {unknown}
 f - 2 potions of invisibility {unknown}
 h - a potion of might {unknown}
 p - 2 potions of degeneration {unknown}
 t - a potion of heal wounds {unknown}
 u - a potion of lignification {unknown}
 x - 2 potions of flight {unknown}


   Skills:
 - Level 3.0 Fighting
 - Level 4.0 Maces & Flails
 - Level 3.0 Polearms
 - Level 4.0 Spellcasting
 * Level 5.2 Summonings
 + Level 4.9 Fire Magic
 + Level 7.4 Ice Magic


You had 7 spell levels left.
You knew the following spells:

 Your Spells              Type           Power      Damage    Failure   Level
a - Scorch                Fire           44%        2d7       5%          2
b - Frozen Ramparts       Ice            94%        1d15      4%          3
c - Summon Ice Beast      Ice/Summ       41%        N/A       21%         4

Your spell library contained the following spells:

 Spells                   Type           Power      Damage    Failure   Level
 Ice Form                 Ice/Tmut       26%        N/A       52%         4
 Gell's Gravitas          Tloc           3%         N/A       63%         3
 Lesser Beckoning         Tloc           6%         N/A       63%         3
 Teleport Other           Tloc           3%         N/A       63%         3
 Animate Dead             Necr           3%         N/A       95%         4
 Borgnjor's Vile Clutch   Necr/Erth      1%         N/A       100%        5
 Death Channel            Necr           1%         N/A       100%        6


Dungeon Overview and Level Annotations

Branches:
Dungeon (6/15)             Temple (1/1) D:5           Sewer (visited)

Altars:
Cheibriados
Dithmenos
Elyvilon
Gozag
Hepliaklqana
Kikubaaqudgha
Makhleb
Qazlal
Ru
Sif Muna
Trog
Wu Jian
Xom
Yredelemnul
Zin


Message History

The wall freezes the orc priest but does no damage.
The orc priest miscasts a cantrip.
The wall freezes the orc warrior.
You closely miss the orc wizard.
The wall freezes the orc wizard.
The orc wizard hits you but does no damage.
The wall freezes the orc priest!
The orc warrior hits you from afar with a +0 glaive!
Unknown command.
You barely miss the orc wizard.
The orc wizard is moderately wounded.
The wall freezes the orc wizard.
The orc wizard points at you and mumbles some strange words.
You easily resist.
The wall freezes the orc priest.
You kill the orc priest!
The orc warrior closely misses you.
You hit the orc wizard but do no damage.
The orc wizard is moderately wounded.
The wall freezes the orc wizard but does no damage.
The orc wizard hits you with a +0 dagger.
The orc warrior hits you from afar with a +0 glaive.
Unknown command.
You closely miss the orc wizard.
The orc wizard is moderately wounded.
The wall freezes the orc priest.
The orc priest calls upon Beogh to heal the orc warrior.
The orc warrior is healed somewhat.
The orc warrior hits you from afar with a +0 glaive!
The wall freezes the orc wizard!
You kill the orc wizard!
The orc warrior hits you from afar with a +0 glaive!
The wall freezes the orc priest.
The orc priest invokes the aid of Beogh against you.
Beogh smites you!
* * * LOW HITPOINT WARNING * * *
Unknown command.
You are confused.
You feel invigorated.
The wall freezes the orc priest.
You kill the orc priest!
The orc warrior hits you from afar with a +0 glaive!
You die...

*** *,** **##*,,** *
*##..#,,,,** **
*##.....,,,,,***,
####.o...#,,,,,,,,,*
##*###...)).#***,,,,,,,,,
#.##....@)#** **,,,,,,,,
*#.......### *,,,,,,,,
*.#.....## *...,,,,,
**#....## *#..******
#..### *..#* * ##.## *..#
#...## #..## ####.##
###...#####* #..##
##..........,


You could see an orc warrior.

Vanquished Creatures
  Pikel (D:4)
  2 ice beasts (D:5)
  An ogre (D:6)
  3 lemures (D:4)
  3 kobold brigands (Sewer)
  Blork the orc (D:4)
  2 bullfrogs (D:6)
  A gnoll sergeant (D:5)
  A necrophage (D:5)
  2 scorpions (D:5)
  A howler monkey (D:5)
  4 hounds
  3 orc priests
  3 orc wizards
  Robin (D:2)
  10 gnolls
  6 adders
  6 river rats
  3 worms
  4 dart slugs
  13 orcs
  6 bats
  3 endoplasms
  A giant cockroach (D:1)
  15 goblins
  4 hobgoblins
  8 jackals
  A quokka (D:4)
  12 ball pythons
  7 frilled lizards
  10 kobolds
  11 rats
149 creatures vanquished.

Vanquished Creatures (others)
  4 plants (Sewer)
4 creatures vanquished.

Grand Total: 153 creatures vanquished

Notes
Turn   | Place    | Note
-------+----------+-------------------------------------------
     0 | D:1      | chippings the Human Cinder Acolyte began the quest for the
                  | Orb.
     0 | D:1      | Reached XP level 1. HP: 18/18 MP: 2/2
   157 | D:1      | Reached XP level 2. HP: 21/24 MP: 3/3
   185 | D:1      | Reached skill level 1 in Maces & Flails
   331 | D:1      | Reached XP level 3. HP: 24/29 MP: 5/5
   394 | D:1      | Learned a level 2 spell: Scorch
   851 | D:2      | Reached XP level 4. HP: 35/35 MP: 1/6
  1236 | D:2      | Found a faded altar of an unknown god.
  1249 | D:2      | Reached XP level 5. HP: 41/41 MP: 3/8
  1269 | D:2      | Found a hazy altar of Hepliaklqana.
  1342 | D:2      | Noticed Robin
  1361 | D:2      | Killed Robin
  2221 | D:4      | Noticed a lemure
  2221 | D:4      | Noticed a lemure
  2221 | D:4      | Noticed a lemure
  2221 | D:4      | Noticed a lemure
  2274 | D:4      | Reached XP level 6. HP: 47/47 MP: 2/9
  2326 | D:4      | Noticed Blork the orc
  2330 | D:4      | Killed Blork the orc
  2331 | D:4      | Reached skill level 1 in Ice Magic
  2609 | D:4      | Noticed Pikel
  2626 | D:4      | Killed Pikel
  2627 | D:4      | Reached skill level 5 in Ice Magic
  2627 | D:4      | Reached XP level 7. HP: 28/52 MP: 1/13
  2627 | D:4      | Reached XP level 8. HP: 31/58 MP: 1/14
  2833 | D:4      | Found a bloodstained altar of Trog.
  2993 | D:4      | Learned a level 3 spell: Frozen Ramparts
  2996 | D:5      | Entered Level 5 of the Dungeon
  3066 | D:5      | Reached skill level 6 in Ice Magic
  3347 | D:5      | Reached skill level 1 in Summonings
  3558 | D:5      | Found a staircase to the Ecumenical Temple.
  3566 | Temple   | Entered the Ecumenical Temple
  3864 | D:5      | Reached XP level 9. HP: 63/63 MP: 12/15
  3902 | D:5      | Learned a level 4 spell: Summon Ice Beast
  4110 | D:6      | Reached skill level 7 in Ice Magic
  4112 | D:6      | Found a glowing drain.
  4135 | Sewer    | Entered a sewer
  4542 | Sewer    | Reached skill level 5 in Summonings
  4701 | D:6      | Slain by an orc warrior

Illustrated notes

Levels and vault maps discovered:
D:1:      dpeg_arrival_pond, layout_loops_ring, serial_rivers,
          chequers_serial_rivers_micro_d, chequers_serial_rivers_marsh,
          chequers_serial_rivers_small_a, chequers_serial_rivers_room_b,
          chequers_serial_rivers_micro_c, chequers_serial_rivers_micro_d
D:2:      layout_loops_ring, basic_altar, ebering_ecumenical_altar_ruins,
          uniq_robin
D:3:      layout_rooms
D:4:      layout_basic, mainiacjoe_overflow_catwalk, kennysheep_nub,
          uniq_blork_the_orc, uniq_pikel
D:5:      layout_cave_pools, minmay_temple_entry_slanted
D:6:      layout_layer_cave, evilmike_ruin_ashenzari, portal_sewer_entry_b,
          minmay_crossroads, uniq_crazy_yiuf_cottage
Temple:   nicolae_temple_superstar

Skill      XL: |  1  2  3  4  5  6  7  8  9 |
---------------+----------------------------+-----
Maces & Flails | 1 2 3 4 |  4.0
Spellcasting   | 2 4 |  4.0
Fire Magic     | 4 |  4.9
Ice Magic      | 5 6 7 |  7.4
Summonings     | 3 5 |  5.2
Fighting       | |  3.0
Polearms       | |  3.0

Action                   |  1- 3 |  4- 6 |  7- 9 || total
-------------------------+-------+-------+-------++-------
Melee: Spear             |     9 |       |       ||     9
       Whip              |    45 |   195 |   153 ||   393
 Cast: Scorch            |     4 |    23 |    22 ||    49
       Frozen Ramparts   |       |       |    18 ||    18
Invok: Fiery Armour      |     1 |     2 |       ||     3
  Use: Scroll            |       |    10 |     2 ||    12
       Potion            |       |       |     1 ||     1
Armor: Robe              |    19 |       |       ||    19
       Ring mail         |     6 |    73 |    57 ||   136
Dodge: Dodged            |    43 |   111 |    78 ||   232

Table legend: (Time is in decaauts)
 A = Elapsed time spent in this place.
 B = Non-inter-level travel time spent in this place.
 C = Inter-level travel time spent in this place.
 D = Time resting spent in this place.
 E = Time spent auto-exploring this place.
 F = Levels seen in this place.
 G = Mean time per level.
                   A        B        C        D        E       F      G
               +--------+--------+--------+--------+--------+-----+--------+
         Total |   4790 |   4725 |     65 |    237 |   2489 |   8 |  598.8 |
       Dungeon |   4070 |   4005 |     65 |    237 |   2121 |   6 |  678.3 |
        Temple |    118 |    118 |      0 |      0 |      0 |   1 |  118.0 |
         Sewer |    600 |    600 |      0 |      0 |    367 |   1 |  600.0 |
               +--------+--------+--------+--------+--------+-----+--------+

Top non-repeatable levels by time:
     D:4: 1087 daAuts
     D:2: 847 daAuts
     D:1: 787 daAuts
     D:5: 684 daAuts
   Sewer: 600 daAuts
     D:3: 538 daAuts
     D:6: 126 daAuts
  Temple: 118 daAuts
